 Dungeon Crawl Stone Soup version 0.31.0-32-g396128a36d (webtiles) character file.

Game seed: 18140882076181135722

72276 ratatoskos the Gelid (level 14, 0/107 HPs)
             Began as a Demigod Ice Elementalist on Apr 19, 2024.
             Killed from afar by a crystal guardian (19 damage)
             ... with a crystal bolt
             ... on level 13 of the Dungeon.
             The game lasted 01:33:00 (39443 turns).

ratatoskos the Gelid (Demigod Ice Elementalist)    Turns: 39443, Time: 01:33:07

Health: 0/107      AC: 14    Str: 15    XL:     14   Next: 58%
Magic:  21/32      EV: 11    Int: 33    God:
Gold:   423        SH:  0    Dex: 14    Spells: 7/31 levels left

rFire   + . .        C - +1 short sword of Hepliaklqana's Whim {spect, *Slow rN++ SInv}
rCold   . . .        (no shield)
rNeg    + + .        p - +0 swamp dragon scales
rPois   +            D - +1 hat {Will+}
rElec   .            c - +0 cloak
rCorr   .            J - +0 pair of gloves
SInv    +            i - +0 pair of boots
Will    ++...        (no amulet)
Stlth   +            s - +6 ring of strength
HPRegen 0.37/turn    K - ring of protection from fire
MPRegen 0.23/turn

%: slow self (1%)
@: no status effects
A: high MP 1, forlorn, divine attributes
a: no special abilities


You were on level 13 of the Dungeon.
You visited 3 branches of the dungeon, and saw 19 of its levels.
You also visited: Sewer and Volcano.

You collected 1347 gold pieces.
You spent 924 gold pieces at shops.

Inventory:

Hand Weapons
 C - the +1 short sword of Hepliaklqana's Whim (weapon) {spect, *Slow rN++ SInv}
   (You found it on level 1 of the Lair of Beasts)

   rN++:      It greatly protects you from negative energy.
   SInv:      It lets you see invisible.
   *Slow:     It may slow you when you take damage.
Missiles
 L - 3 curare-tipped darts
Armour
 c - a +0 cloak (worn)
 i - a +0 pair of boots (worn)
 p - +0 swamp dragon scales (worn)
 D - a +1 hat of willpower (worn)
 J - a +0 pair of gloves (worn)
Magical Staves
 q - a staff of cold
Jewellery
 m - a ring of flight
 s - a +6 ring of strength (left hand)
 K - a ring of protection from fire (right hand)
Wands
 d - a wand of polymorph (19)
 j - a wand of flame (41)
 x - a wand of paralysis (10)
 H - a wand of roots (4)
Scrolls
 a - 5 scrolls of poison
 e - 2 scrolls of blinking
 g - 5 scrolls of teleportation
 l - 4 scrolls of immolation
 o - 2 scrolls of vulnerability
 t - 3 scrolls of revelation
 u - 3 scrolls of fear
 v - a scroll of silence
 w - a scroll of summoning
 G - a scroll of identify
 M - a scroll of amnesia
Potions
 b - 2 potions of magic
 f - 4 potions of might
 h - 3 potions of brilliance
 k - 4 potions of mutation
 n - 2 potions of invisibility
 z - 4 potions of curing
 A - a potion of ambrosia
 B - a potion of haste
 E - a potion of berserk rage
 I - 2 potions of heal wounds
 O - a potion of lignification
Miscellaneous
 r - a phial of floods
 y - a lightning rod (4/4)
 F - a tin of tremorstones (2/2)


   Skills:
 - Level 5.2 Fighting
 - Level 8.0 Armour
 - Level 2.0 Dodging
 - Level 1.7 Stealth
 - Level 9.4 Spellcasting
 - Level 3.4 Summonings
 - Level 7.4 Fire Magic
 + Level 15.9 Ice Magic
 - Level 7.4 Alchemy
 - Level 8.0 Evocations


You had 7 spell levels left.
You knew the following spells:

 Your Spells              Type           Power      Damage    Failure   Level
a - Freeze                Ice            100%       1d10      0%          1
b - Frozen Ramparts       Ice            100%       1d16      1%          3
c - Ozocubu's Armour      Ice            88%        N/A       1%          3
d - Summon Ice Beast      Ice/Summ       68%        N/A       1%          3
e - Sticky Flame          Fire/Alch      59%        2d10      2%          4
f - Ozocubu's Refrigerat  Ice            44%        4d17      6%          7
g - Hailstorm             Conj/Ice       62%        3d11      1%          3

Your spell library contained the following spells:

 Spells                   Type           Power      Damage    Failure   Level
 Sting                    Conj/Alch      100%       1d9       1%          1
 Summon Small Mammal      Summ           100%       N/A       1%          1
 Ensorcelled Hibernation  Hex/Ice        100%       N/A       1%          2
 Scorch                   Fire           100%       2d9       1%          2
 Inner Flame              Hex/Fire       40%        N/A       3%          3
 Apportation              Tloc           30%        N/A       5%          1
 Necrotise                Necr           60%        1d7       5%          1
 Mephitic Cloud           Conj/Alch/Air  31%        N/A       5%          3
 Blink                    Tloc           30%        N/A       8%          2
 Lesser Beckoning         Tloc           30%        N/A       8%          2
 Momentum Strike          Conj/Tloc      30%        3d8       8%          2
 Flame Wave               Conj/Fire      40%        2d11      11%         4
 Dazzling Flash           Conj/Hex       30%        N/A       16%         3
 Passwall                 Erth           15%        N/A       16%         3
 Swiftness                Air            15%        N/A       16%         3
 Tukima's Dance           Hex            15%        N/A       16%         3
 Fireball                 Conj/Fire      20%        3d10      30%         5
 Brom's Barrelling Bould  Conj/Erth      15%        2d4       45%         4
 Manifold Assault         Tloc           15%        N/A       45%         4
 Summon Mana Viper        Hex/Summ       27%        N/A       56%         5
 Curse of Agony           Necr           15%        N/A       82%         5
 Iskenderun's Battlesphe  Conj           15%        2d7       82%         5
 Silence                  Hex/Air        7%         N/A       82%         5
 Summon Cactus Giant      Summ           19%        N/A       88%         6
 Conjure Ball Lightning   Conj/Air       7%         3x3d6     100%        6
 Dispersal                Tloc           7%         N/A       100%        6
 Monstrous Menagerie      Summ           19%        N/A       100%        7
 Orb of Destruction       Conj           7%         9d6       100%        7
 Discord                  Hex            7%         N/A       100%        8
 Disjunction              Tloc           7%         N/A       100%        8
 Shatter                  Erth           7%         3d10*     100%        9


Dungeon Overview and Level Annotations

Branches:
Dungeon (13/15)            Temple (1/1) D:5            Lair (5/5) D:11
  Swamp (0/4) Lair:2        Snake (0/4) Lair:3        Slime (0/5) Lair:4
    Orc (0/2) D:10          Sewer (visited)         Volcano (visited)
 Vaults: D:13-14

Shops:
D:1 *   D:6 =   D:9 :   D:11 (   D:13 ?

Portals:
Trove: D:13 (show slimy rune of Zot)


Innate Abilities, Weirdness & Mutations

You have an increased reservoir of magic. (+10% MP)
You shall have no god before yourself.
Your divine heritage dramatically boosts your attributes as you level up.


Message History

Aiming: Quicksilver Bolt
Press: ? - help, Q - select action, (/) - cycle Shift-Dir - straight line, f/p - crystal guardian
Aim: a crystal guardian (moderately damaged, ally target, 100% to hit)
The bolt of dispelling energy hits the crystal guardian!
The crystal guardian is moderately damaged.
The now-empty wand crumbles to dust.
Your +1 short sword of Hepliaklqana's Whim {spect, *Slow rN++ SInv} disappears.
Your ice beast hits the crystal guardian.
Your ice beast freezes the crystal guardian.
The crystal guardian completely resists.
The crystal guardian fires a crystalline bolt at you.
The crystal bolt misses you.
Aiming: Fastroot
Press: ? - help, Q - select action, (/) - cycle Shift-Dir - straight line, f/p - crystal guardian
Aim: a crystal guardian (moderately damaged, ally target)
The roots erupt in riotous growth!
Roots grab the crystal guardian.
Your ice beast is unaffected.
The grasping roots constrict the crystal guardian.
Your ice beast hits the crystal guardian but does no damage.
The crystal guardian hits you but does no damage.
You hit the crystal guardian but do no damage.
The crystal guardian is moderately damaged.
Your +1 short sword of Hepliaklqana's Whim {spect, *Slow rN++ SInv} hits the crystal guardian but does no damage.
The grasping roots constrict the crystal guardian, but do no damage.
Your ice beast hits the crystal guardian but does no damage.
The crystal guardian hits you!!
Your icy armour cracks and falls away as you move.
Your +1 short sword of Hepliaklqana's Whim {spect, *Slow rN++ SInv} disappears.
The grasping roots constrict the crystal guardian!
Your ice beast hits the crystal guardian but does no damage.
The crystal guardian struggles to escape constriction.
Unknown command.
The grasping roots constrict the crystal guardian.
Your ice beast hits the crystal guardian but does no damage.
The crystal guardian fires a crystalline bolt at you.
The crystal bolt burns you!! You resist.
* * * LOW HITPOINT WARNING * * *
The crystal bolt burns you!! You resist.
You die...

.......##'######...##....#
...........#####..^.....##
.#####.....#...#...####.#
...........#...#...####.#
...........#..<#...Y....#
...........#'####.9##..##
......######....#..##..#
......#....#....#..##..#
.####.#....#....@..##..#
......'....#....#####..###.#
......#....#........#..9...#
..###.#....#........#..##.##
..)...#....'.#......#..# 9.
......#....#........#..# #..
......#....#........#..# ##
.####.#....###########.##
......#....##......'....#


You could see a crystal guardian (rooted, ally target) and a friendly ice beast
(summoned).

Vanquished Creatures
  Gastronok (Lair:1)
  4 hydras
  4 catoblepae
  A vault guard (D:13)
  Erolcha (D:12)
  A centaur warrior (D:13)
  5 boulder beetles
  2 tengu warriors (D:13)
  5 two-headed ogres
  8 death yaks
  An arcanist (D:13)
  2 deep elf archers (Volcano)
  A lindwurm (Lair:5)
  A cyclops (D:13)
  7 deep elf pyromancers (Volcano)
  2 manticores
  9 elephants (Lair:5)
  10 black mambas
  A gargoyle (D:13)
  12 cane toads
  2 kobold demonologists (D:11)
  An unseen horror (D:13)
  2 rime drakes
  A tengu conjurer (D:13)
  11 komodo dragons
  3 trolls
  2 polar bears
  A hornet (D:10)
  A tyrant leech (Lair:2)
  16 blink frogs
  2 slime creatures (D:13)
  A vampire (D:10)
  Sigmund (D:2)
  4 shadows
  A wraith (D:12)
  5 wyverns
  50 yaks
  3 fire elementals (Volcano)
  4 basilisks
  2 unseen horror simulacra (D:9)
  2 steam dragons
  2 vampire mosquitoes (D:12)
  The ghost of AdnanSaban the Covered, an amateur GrFi of Okawaru (D:3)
  3 acid dragons
  4 hell hounds (Volcano)
  11 water moccasins
  7 ice beasts
  2 orc warriors
  8 black bears
  An ogre (D:4)
  21 wolves
  6 centaurs
  2 kobold brigands
  2 gnoll sergeants
  6 scorpions
  10 bullfrogs
  9 wights
  6 howler monkeys
  2 electric eels (D:9)
  3 bombardier beetles
  A hound (D:5)
  2 jellies
  5 orc priests
  A gnoll bouda (D:7)
  A sleepcap (D:7)
  2 iguanas
  14 orc wizards
  3 hell rats (Lair:5)
  Robin (D:2)
  14 gnolls
  7 adders
  10 river rats
  3 white imps
  2 howler monkey simulacra (D:9)
  4 ufetubi
  2 dart slugs
  2 ribbon worms
  59 orcs
  8 ball pythons
  12 endoplasms
  5 giant cockroaches
  11 goblins
  6 hobgoblins
  2 jackals (D:1)
  8 quokkas
  3 bats
  5 frilled lizards
  14 kobolds
  20 rats
526 creatures vanquished.

Vanquished Creatures (collateral kills)
  3 hydras
  A deep troll shaman (Lair:5)
  An ugly thing (D:13)
  A deep elf pyromancer (Volcano)
  A cyclops (D:12)
  A cane toad (Lair:2)
  Maggie (Lair:1)
  Jeremiah (D:7)
  A komodo dragon (Lair:5)
  2 trolls
  2 blink frogs (Lair:5)
  2 shadows
  A vampire (D:13)
  12 yaks
  A fire elemental (Volcano)
  3 water moccasins
  An orc warrior (D:10)
  3 black bears
  An ogre (D:6)
  A kobold brigand (D:11)
  2 bullfrogs
  3 wights (D:7)
  An electric eel (D:6)
  2 jellies
  2 orc priests (D:10)
  A hound (D:7)
  A sleepcap (D:7)
  A hell rat (Lair:5)
  2 gnolls (D:10)
  A river rat (D:6)
  2 ribbon worms (Sewer)
  2 orcs
  A ball python (Sewer)
  A giant cockroach (Sewer)
  A quokka (D:6)
  A kobold (D:11)
  4 rats (D:6)
68 creatures vanquished.

Grand Total: 594 creatures vanquished

Notes
Turn   | Place    | Note
-------+----------+-------------------------------------------
     0 | D:1      | ratatoskos the Demigod Ice Elementalist began the quest for
                  | the Orb.
     0 | D:1      | Reached XP level 1. HP: 14/14 MP: 5/5
   632 | D:1      | Reached XP level 2. HP: 20/20 MP: 5/7
  1058 | D:1      | Found Jiof's General Store.
  1112 | D:2      | Reached skill level 4 in Ice Magic
  1391 | D:2      | Noticed Sigmund
  1601 | D:2      | Noticed Robin
  1884 | D:2      | Reached XP level 3. HP: 17/26 MP: 6/8
  1922 | D:1      | Learned a level 3 spell: Frozen Ramparts
  1930 | D:2      | Killed Robin
  2316 | D:2      | Killed Sigmund
  2317 | D:2      | Reached skill level 5 in Ice Magic
  2317 | D:2      | Reached XP level 4. HP: 7/33 MP: 3/11
  2317 | D:2      | Reached XP level 5. HP: 8/38 MP: 3/12
  3339 | D:3      | Learned a level 3 spell: Ozocubu's Armour
  3343 | D:3      | Learned a level 3 spell: Summon Ice Beast
  3585 | D:3      | Reached XP level 6. HP: 30/45 MP: 9/14
  3823 | D:3      | Found a runed translucent gate.
  3823 | D:3      | Found a runed translucent gate.
  3824 | D:3      | Noticed AdnanSaban's ghost (amateur GrFi)
  3824 | D:3      | Found a runed translucent gate.
  4616 | D:4      | Reached skill level 1 in Summonings
  4616 | D:4      | Reached skill level 6 in Ice Magic
  5239 | D:4      | Reached XP level 7. HP: 50/50 MP: 8/16
  5919 | D:5      | Entered Level 5 of the Dungeon
  5975 | D:5      | Reached skill level 7 in Ice Magic
  6692 | D:5      | Found a staircase to the Ecumenical Temple.
  6755 | D:5      | Reached skill level 1 in Evocations
  7979 | Temple   | Entered the Ecumenical Temple
  8158 | D:6      | Reached XP level 8. HP: 35/57 MP: 14/18
  8436 | D:6      | Found Tiefasup's Jewellery Boutique.
  8483 | D:6      | Found a glowing drain.
  8488 | Sewer    | Entered a sewer
  9320 | D:6      | Learned a level 4 spell: Sticky Flame
  9774 | D:6      | Reached skill level 5 in Spellcasting
  9774 | D:6      | Reached skill level 1 in Fire Magic
  9774 | D:6      | Reached skill level 8 in Ice Magic
  9774 | D:6      | Reached skill level 1 in Alchemy
 11029 | D:7      | Reached XP level 9. HP: 20/62 MP: 9/21
 11704 | D:7      | Noticed Jeremiah
 11730 | D:7      | Killed Jeremiah
 13585 | D:8      | Reached skill level 1 in Armour
 14061 | D:8      | Reached skill level 5 in Fire Magic
 14065 | D:8      | Reached skill level 5 in Alchemy
 15350 | D:9      | Reached XP level 10. HP: 37/69 MP: 17/23
 16332 | D:9      | Noticed a two-headed ogre
 16340 | D:9      | Killed a two-headed ogre
 16487 | D:9      | Noticed a manticore
 16500 | D:9      | Killed a manticore
 16696 | D:9      | Found Omafoono's Tremendous Tomes.
 17150 | D:10     | Entered Level 10 of the Dungeon
 17512 | D:10     | Reached skill level 1 in Fighting
 17583 | D:10     | Paralysed by a hornet for 2 turns
 17588 | D:10     | Reached XP level 11. HP: 27/79 MP: 16/25
 18098 | D:10     | Found a staircase to the Orcish Mines.
 19154 | D:11     | Noticed a two-headed ogre
 19213 | D:11     | Found Pomuad's Weapon Shoppe.
 19437 | D:11     | Killed a two-headed ogre
 19445 | D:11     | Noticed a boulder beetle
 19461 | D:11     | Killed a boulder beetle
 19879 | D:11     | Found a staircase to the Lair.
 20058 | D:11     | Reached skill level 9 in Ice Magic
 20173 | D:11     | Noticed a soul eater
 20939 | Lair:1   | Entered Level 1 of the Lair of Beasts
 21043 | Lair:1   | Reached skill level 5 in Evocations
 21234 | Lair:1   | Identified the +0 leather armour "Ariqethi" {Dex+3}
 21240 | Lair:1   | Identified the +1 short sword of Hepliaklqana's Whim
                  | {spect, *Slow rN++ SInv}
 21278 | Lair:1   | Noticed Gastronok
 21293 | Lair:1   | Killed Gastronok
 21491 | Lair:1   | Reached skill level 5 in Fighting
 21711 | Lair:1   | Reached XP level 12. HP: 75/94 MP: 22/28
 21938 | Lair:1   | Noticed Maggie
 21954 | Lair:1   | Killed Maggie
 22526 | Lair:2   | Noticed an eight-headed hydra
 22544 | Lair:2   | Killed an eight-headed hydra
 22851 | Lair:2   | Found a staircase to the Swamp.
 23161 | Lair:2   | Reached skill level 10 in Ice Magic
 23189 | Lair:2   | Noticed a four-headed hydra
 23197 | Lair:2   | Killed a four-headed hydra
 23198 | Lair:2   | Reached skill level 5 in Armour
 23807 | Lair:2   | Identified the +9 war axe of Destiny {drain, ^Contam rC+
                  | Str+2}
 24879 | Lair:3   | Noticed an eight-headed hydra
 24891 | Lair:3   | Killed an eight-headed hydra
 24928 | Lair:3   | Found a dark tunnel.
 24974 | Volcano  | Entered a volcano
 25827 | Lair:3   | Noticed a boulder beetle
 25899 | Lair:3   | Killed a boulder beetle
 25900 | Lair:3   | Reached XP level 13. HP: 63/100 MP: 16/30
 26446 | D:9      | Bought the Atlas of Refrigeration and Enchantment for 924
                  | gold pieces
 26454 | D:9      | Learned a level 7 spell: Ozocubu's Refrigeration
 26458 | D:9      | Learned a level 3 spell: Hailstorm
 26951 | Lair:3   | Reached skill level 11 in Ice Magic
 26984 | Lair:3   | Found a staircase to the Snake Pit.
 29295 | Lair:4   | Reached skill level 12 in Ice Magic
 29441 | Lair:4   | Found a staircase to the Slime Pits.
 29876 | Lair:5   | Entered Level 5 of the Lair of Beasts
 31038 | Lair:5   | Reached skill level 13 in Ice Magic
 32699 | Lair:5   | Reached XP level 14. HP: 104/107 MP: 25/32
 33234 | Lair:5   | Reached skill level 14 in Ice Magic
 33367 | Lair:5   | Identified the ring "Qushrigy" {rCorr MP+9 Str+5 Dex-5}
 34188 | Lair:5   | Got Tadeacza's Secrets of Terrestrial Transportation
 34542 | D:3      | Killed AdnanSaban's ghost
 34742 | D:12     | Noticed Erolcha
 34747 | D:12     | Killed Erolcha
 36513 | D:13     | Reached skill level 15 in Ice Magic
 36792 | D:13     | Found a portal to a secret trove of treasure.
 37939 | D:13     | Found Soanu's Magic Scroll Boutique.
 38176 | D:13     | Noticed a storm dragon
 39443 | D:13     | Killed from afar by a crystal guardian

Illustrated notes

Levels and vault maps discovered:
D:1:      zaba_arrival_water, layout_basic, serial_shops, shop_statue,
          roderic_three_in_a_row
D:2:      layout_basic, kennysheep_decorative_pillar, uniq_sigmund, uniq_robin
D:3:      layout_loops_corners, general_overflow_altar, serial_aquarium,
          aquarium_bridge_square [aquarium_subvault_bridge,
          aquarium_subvault_balcony, aquarium_subvault_bridge,
          aquarium_subvault_wall], aquarium_window_1, aquarium_window_1,
          aquarium_view_2g, gammafunk_ghost_nasty_kobolds, solitary_fountain
D:4:      layout_rooms, mainiacjoe_overflow_catwalk_spiral
D:5:      layout_layer_cave, minmay_temple_entry_large_hall
D:6:      lemuel_ratsnest, layout_loops_ring,
          mainiacjoe_sewer_entry_somewhere_in_here_1, serial_shops,
          nicolae_shop_gaudy_bauble, kennysheep_potato
D:7:      kennysheep_steamy, layout_rooms, kennysheep_little_box, uniq_jeremiah
D:8:      layout_rooms, mainiacjoe_overflow_large_starburst,
          serial_co_window_serial, co_window_paths_b,
          co_window_of_opportunity_a, co_window_paths_b, co_window_cross_1,
          co_window_paths_b, co_window_broadway_b, co_window_paths_c,
          co_window_2corner, co_window_broadway_a, co_window_broadway_a,
          co_window_broadway_c, co_window_paths_e, co_window_4corner_a,
          glass_columns_b, glass_columns_b, glass_columns_b, glass_columns_a,
          glass_columns_c
D:9:      layout_rooms, serial_ice, serial_ice_d, serial_ice_o, serial_ice_j,
          serial_ice_f, hangedman_abyss_or_decor_slice,
          wad_floor_pattern_untrapped, nicolae_shop_i_like_big_books
D:10:     layout_roguey, hiddenorc2_lemuel
D:11:     layout_gridville, due_lair_maze_entry_diamond, nicolae_stop_n_shop_2
D:12:     layout_layer_cave, minivault_12, uniq_erolcha
D:13:     minmay_the_grid_plus_closed [minmay_the_grid_rooms,
          minmay_the_grid_medium_cups, minmay_the_grid_embedded,
          minmay_the_grid_plusring, minmay_the_grid_prize_diamond_cup],
          layout_stronghold, enter_trove_5, serial_shops, shop,
          nemelex_diamond_rough_becter
Temple:   nicolae_temple_superstar
Lair:1:   layout_roguey, grunt_megastairs_3, uniq_maggie, uniq_gastronok
Lair:2:   layout_gridlike, minmay_swamp_entry_worms, beast_lair_carwin_8,
          infiniplex_staircase_pool_2
Lair:3:   layout_regular_city, minmay_snake_entry_six_corridors,
          nicolae_volcano_entry_lava_flow, serial_bayou_shore_a
Lair:4:   layout_regular_city, dpeg_slime_entry_enclosed, minivault_11,
          minivault_25
Lair:5:   grunt_lair_end_beastmaster, layout_gridlike,
          kennysheep_abandoned_house

Skill      XL: |  1  2  3  4  5  6  7  8  9 10 11 12 13 14 |
---------------+-------------------------------------------+-----
Dodging        | 2 |  2.0
Spellcasting   | 2 3 4 5 6 8 9 |  9.4
Ice Magic      | 4 5 6 7 8 9 10 13 15 | 15.9
Summonings     | 2 3 |  3.4
Evocations     | 1 2 5 7 8 |  8.0
Fire Magic     | 3 5 7 |  7.4
Alchemy        | 2 5 7 |  7.4
Armour         | 3 4 6 8 |  8.0
Fighting       | 1 5 |  5.2
Stealth        | |  1.7

Action                     |  1- 3 |  4- 6 |  7- 9 | 10-12 | 13-15 || total
---------------------------+-------+-------+-------+-------+-------++-------
  Melee: Unarmed           |    10 |       |       |       |       ||    10
         Dagger            |       |    99 |    18 |       |       ||   117
         Punch             |       |     1 |     4 |     3 |     6 ||    14
         Staff             |       |       |   131 |   197 |   185 ||   513
         Spear             |       |       |   106 |       |       ||   106
         Short sword       |       |       |       |       |    89 ||    89
  Throw: Dart              |       |       |       |       |     5 ||     5
   Cast: Freeze            |    49 |    11 |     9 |     4 |       ||    73
         Frozen Ramparts   |     2 |     4 |    51 |    73 |    83 ||   213
         Ozocubu's Armour  |       |     3 |    32 |    55 |    62 ||   152
         Summon Ice Beast  |       |       |    24 |    47 |    72 ||   143
         Sticky Flame      |       |       |     2 |    41 |    61 ||   104
         Hailstorm         |       |       |       |       |     2 ||     2
  Evoke: Wand              |       |       |       |     4 |     8 ||    12
    Use: Scroll            |       |       |    18 |     4 |     8 ||    30
         Potion            |       |       |     2 |     2 |       ||     4
   Stab: Sleeping          |     1 |     3 |     3 |       |       ||     7
         Distracted        |       |       |     3 |     2 |     1 ||     6
         Paralysed         |       |       |       |     7 |       ||     7
         Petrified         |       |       |       |       |     3 ||     3
         Petrifying        |       |       |       |       |     1 ||     1
 Armour: Robe              |    41 |    54 |   205 |       |       ||   300
         Leather armour    |       |       |    63 |   197 |       ||   260
         Skin              |       |       |     6 |       |       ||     6
         Steam dragon scal |       |       |     2 |       |       ||     2
         Swamp dragon scal |       |       |       |   123 |   456 ||   579
  Dodge: Dodged            |    49 |    72 |   189 |   173 |   210 ||   693
